 Dungeon Sprint DCSS version 0.29-a0-723-gce39da1c22 (webtiles) character file.

Game seed: 13473554665403124532

121 Hipnos the Arsonist (level 4, -1/24 HPs)
             Began as a Deep Elf Fire Elementalist on June 28, 2022.
             Slain by a scorpion (2 damage)
             ... in the Dungeon (Sprint II: "The Violet Keep of Menkaure").
             The game lasted 00:01:03 (25 turns).

Hipnos the Arsonist (Deep Elf Fire Elementalist)      Turns: 25, Time: 00:01:03

Health: -1/24      AC:  2    Str:  5    XL:     4   Next: 77%
Magic:  6/13       EV: 13    Int: 22    God:
Gold:   0          SH:  0    Dex: 15    Spells: 13/14 levels left

rFire   . . .      SeeInvis .   (no weapon)
rCold   . . .      Faith    .   (no shield)
rNeg    . . .      Spirit   .   a - +0 robe
rPois   .          Reflect  .   (no helmet)
rElec   .          Harm     .   (no cloak)
rCorr   .          Rampage  .   (no gloves)
Will    .....      NoTele   +   (no boots)
Stlth   +++.......              (no amulet)
HPRegen 0.08/turn               (no ring)
MPRegen 0.13/turn               (no ring)

@: lethally poisoned (-1 -> -26), hasted, very quick
A: no striking features
a: no special abilities


You were in the Dungeon.
You visited 1 branch

Inventory:

Armour
 a - a +0 robe (worn)
Scrolls
 g - a scroll of blinking
Potions
 b - 2 potions of magic
 f - a potion of berserk rage


   Skills:
 + Level 4.0 Dodging
 + Level 3.9 Stealth
 + Level 0.3 Unarmed Combat
 + Level 5.9 Spellcasting
 + Level 1.3 Conjurations
 * Level 9.2 Fire Magic


You had 13 spell levels left.
You knew the following spells:

 Your Spells              Type           Power      Damage    Failure   Level
a - Foxfire               Conj/Fire      100%       2x1d9     1%          1

Your spell library contained the following spells:

 Spells                   Type           Power      Damage    Failure   Level
 Scorch                   Fire           94%        2d10      1%          2
 Conjure Flame            Conj/Fire      29%        6-21      3%          3
 Inner Flame              Hex/Fire       26%        N/A       4%          3
 Flame Wave               Conj/Fire      29%        2d8       11%         4


Dungeon Overview and Level Annotations

Branches:
Dungeon (1/1)

Altars:


Message History

The foxfire hits the scorpion.
The scorpion is lightly wounded.
The foxfire hits the scorpion.
The scorpion is heavily wounded.
The scorpion closely misses you.
Casting: Foxfire (safe; 1% risk of failure)
Confirm with . or Enter, or press ? or * to list all spells.
You conjure some foxfire!
The scorpion misses you. The scorpion closely misses you.
Your foxfire dissipates!
The foxfire hits the scorpion.
The scorpion is heavily wounded.
Casting: Foxfire (safe; 1% risk of failure)
Confirm with . or Enter, or press ? or * to list all spells.
You conjure some foxfire!
The scorpion stings you!
You hit the scorpion but do no damage.
The scorpion is heavily wounded.
The foxfire hits the scorpion.
The scorpion is almost dead.
The foxfire hits the scorpion but does no damage.
The scorpion is almost dead.
The scorpion stings you.
You are poisoned.
The scorpion poisons you!
Casting: Foxfire (safe; 1% risk of failure)
Confirm with . or Enter, or press ? or * to list all spells.
You conjure some foxfire!
You feel sick.
The foxfire hits the scorpion.
The scorpion is moderately wounded.
The scorpion barely misses you.
You feel yourself speed up.
You feel sick.
The foxfire hits the scorpion but does no damage.
The scorpion is almost dead.
The scorpion stings you.
* * * LOW HITPOINT WARNING * * *
You are more poisoned.
The scorpion poisons you! The scorpion stings you.
* * * LOW HITPOINT WARNING * * *
You are more poisoned.
The scorpion poisons you! The scorpion stings you.
You die...

# #+# .#
##@##..#
+.ss'#
##.##..#
#+# .# #


You could see 2 scorpions.

Vanquished Creatures
  2 scorpions (D)
2 creatures vanquished.

Vanquished Creatures (others)
  15 foxfires (D)
15 creatures vanquished.

Grand Total: 17 creatures vanquished

Notes
Turn   | Place    | Note
-------+----------+-------------------------------------------
     0 | D        | Hipnos the Deep Elf Fire Elementalist began the quest for
                  | the Orb.
     0 | D        | Reached XP level 1. HP: 10/10 MP: 6/6
     1 | D        | Noticed a scorpion
     1 | D        | Noticed a scorpion
     1 | D        | Noticed a scorpion
     1 | D        | Noticed a scorpion
     9 | D        | Killed a scorpion
    10 | D        | Reached skill level 5 in Spellcasting
    10 | D        | Reached skill level 7 in Fire Magic
    10 | D        | Reached XP level 2. HP: 15/15 MP: 2/10
    10 | D        | Reached XP level 3. HP: 19/19 MP: 2/11
    17 | D        | Killed a scorpion
    18 | D        | Reached skill level 9 in Fire Magic
    18 | D        | Reached XP level 4. HP: 7/24 MP: 9/13
    25 | D        | HP: 1/24 [scorpion (4)]
    25 | D        | Slain by a scorpion

Illustrated notes

Levels and vault maps discovered:
D:        the_violet_keep_of_menkaure [sprint2_stairs_cluster_1,
          sprint2_shoproom, sprint2_temple, sprint2_basic_supplies,
          sprint2_obstacle_1, sprint2_obstacle_6, sprint2_obstacle_2,
          sprint2_obstacle_4, sprint2_obstacle_5, sprint2_timed_cluster_1,
          sprint2_smallroom_cluster_1, sprint2_smallroom_final_cluster_1,
          sprint2_transparent_cluster_1, sprint2_second_timed_cluster_1,
          sprint2_sniper_area_1, sprint2_heavy_combat_area_1,
          sprint2_mutation_trap_area_1, sprint2_forest_area_1,
          sprint2_light_combat_area_1, sprint2_behind_water_1,
          sprint2_near_end_vault_1]

Skill      XL: |  1  2  3 |
---------------+----------+-----
Dodging        | 3 4 |  4.0
Stealth        | 3 |  3.9
Spellcasting   | 5 |  5.9
Fire Magic     | 7 9 |  9.2
Unarmed Combat | |  0.3
Conjurations   | |  1.3

Action                   |  1- 3 |  4- 6 || total
-------------------------+-------+-------++-------
Melee: Unarmed           |     4 |     1 ||     5
 Cast: Foxfire           |     8 |     4 ||    12
  Use: Potion            |     2 |     2 ||     4
Armor: Robe              |     3 |       ||     3
Dodge: Dodged            |    13 |     4 ||    17

Table legend: (Time is in decaauts)
 A = Elapsed time spent in this place.
 B = Non-inter-level travel time spent in this place.
 C = Inter-level travel time spent in this place.
 D = Time resting spent in this place.
 E = Time spent auto-exploring this place.
 F = Levels seen in this place.
 G = Mean time per level.
                   A        B        C        D        E       F      G
               +--------+--------+--------+--------+--------+-----+--------+
         Total |     25 |     25 |      0 |      0 |      0 |   1 |   25.0 |
       Dungeon |     25 |     25 |      0 |      0 |      0 |   1 |   25.0 |
               +--------+--------+--------+--------+--------+-----+--------+

Top non-repeatable levels by time:
       D: 25 daAuts
